 Dungeon Crawl Stone Soup version 0.21-a0-329-g12f17e1 (webtiles) character file.

16 vishdafish the Charmwright (level 2, 17/22 HPs)
             Began as a Demonspawn Skald on Oct 1, 2017.
             Quit the game on level 1 of the Dungeon.
             The game lasted 00:00:38 (129 turns).

vishdafish the Charmwright (Demonspawn Skald)        Turns: 129, Time: 00:00:38

Health: 17/22      AC:  3    Str: 11    XL:     2   Next: 37%
Magic:  0/5        EV: 12    Int: 14    God:
Gold:   21         SH:  0    Dex: 12    Spells: 4/5 levels left

rFire    . . .     SeeInvis .   a - +0 spear
rCold    . . .     Gourm    .   (no shield)
rNeg     . . .     Faith    .   b - +0 leather armour
rPois    .         Spirit   .   (no helmet)
rElec    .         Reflect  .   (no cloak)
rCorr    .         Harm     .   (no gloves)
MR       .....                  (no boots)
Stlth    ++........             (no amulet)
HPRegen  0.07/turn              (no ring)
MPRegen  0.09/turn              (no ring)

@: infused, very slightly contaminated
A: nightstalker 1
a: no special abilities


You were on level 1 of the Dungeon.
You were not hungry.

You visited 1 branch of the dungeon, and saw 1 of its levels.

You collected 21 gold pieces.

Inventory:

Hand Weapons
 a - a +0 spear (weapon)
Armour
 b - a +0 leather armour (worn)
Potions
 e - a potion of degeneration {unknown}
Books
 c - a book of Battle

   Spells                             Type                      Level
   a - Infusion                       Charms                       1
   b - Shroud of Golubria             Charms/Translocation         2
   c - Song of Slaying                Charms                       2
   d - Spectral Weapon                Hexes/Charms                 3
   e - Regeneration                   Charms/Necromancy            3
Comestibles
 d - 2 bread rations


   Skills:
 - Level 2.0 Fighting
 * Level 2.1 Polearms
 + Level 1.1 Armour
 + Level 1.9 Dodging
 - Level 2.0 Spellcasting
 - Level 3.0 Charms


You had 4 spell levels left.
You knew the following spells:

 Your Spells              Type           Power        Failure   Level  Hunger
a - Infusion              Chrm           #...         9%          1    ##.....


Dungeon Overview and Level Annotations

Branches:
Dungeon (1/15)

Altars:


Innate Abilities, Weirdness & Mutations

You are slightly more attuned to the shadows.


Message History

You hit the ooze but do no damage.
The ooze is heavily wounded.
The ooze hits you.
You hit the ooze.
The ooze is almost dead.
The ooze closely misses you.
You hit the ooze but do no damage.
The ooze is almost dead.
The ooze hits you but does no damage.
You hit the ooze.
You kill the ooze!
The bat hits you but does no damage.
You hit the bat.
You kill the bat!
The ball python bites you but does no damage.
The ball python barely misses you.
You hit the ball python.
The ball python is moderately wounded.
The ball python bites you. The ball python closely misses you.
Are you sure you want to abandon this character and quit the game? (Confirm with "yes".)

..... ...........#
..... ###.##.####
..... #.##.# ###.#.#
#.##.####.#
#?.#.#)#.#.#
#.).#.....#
#.SJ.††.#.#
#.##.###..#
#...w.##.#.# #.##.# #
##..b
#.rr########.##.# ...r
#.wgS@.......##.# #[#
#.##########.##.. #
###.##.##########.####
...................#
....################
##


You could see a dart slug, a goblin, a ball python and 2 rats.

Vanquished Creatures
  An ooze (D:1)
  A dart slug (D:1)
  2 hobgoblins (D:1)
  A kobold (D:1)
  3 bats (D:1)
  3 rats (D:1)
11 creatures vanquished.

Notes
Turn   | Place    | Note
-------+----------+-------------------------------------------
     0 | D:1      | vishdafish the Demonspawn Skald began the quest for the Orb.
     0 | D:1      | Reached XP level 1. HP: 16/16 MP: 3/3
    36 | D:1      | Reached skill level 3 in Charms
   118 | D:1      | Reached skill level 1 in Armour
   121 | D:1      | Gained mutation: You are slightly more attuned to the shadows. [demonic ancestry]
   121 | D:1      | Reached XP level 2. HP: 19/22 MP: 0/5
   129 | D:1      | Quit the game

Vault maps used:
D:1:      sevenhm_arrival_forest_fort_large_4, minmay_octomino_e4

Skill      XL: |  1 |
---------------+----+-----
Charms         | 3 |  3.0
Armour         | 1 |  1.1
Polearms       | 2 |  2.1
Fighting       | |  2.0
Dodging        | |  1.9
Spellcasting   | |  2.0

Action                   || total
-------------------------++-------
Melee: Spear             ||    30
 Cast: Infusion          ||     2
Armor: Leather armour    ||     6
Dodge: Dodged            ||    15

Table legend:
 A = Spawn XP
 B = Non-spawn XP
 C = Spawn XP percentage of total XP
 D = Spawn monster count
 E = Non-spawn monster count
 F = Spawn count percentage of total count
 G = Total turns spent on level
                    A         B        C        D         E        F      G
               +---------+---------+-------+---------+---------+-------+---------
         Total |       0 |      23 |   0.0 |       0 |      11 |   0.0 |   129
               +---------+---------+-------+---------+---------+-------+---------
           D:1 |       0 |      23 |   0.0 |       0 |      11 |   0.0 |   129
               +---------+---------+-------+---------+---------+-------+---------
